 Dungeon Crawl Stone Soup version 0.21-a0-265-gb353147 (webtiles) character file.

114 tilp the Firebug (level 4, -5/33 HPs)
             Began as a Hill Orc Fire Elementalist on Sept 10, 2017.
             Slain by a water moccasin (7 damage)
             ... on level 3 of the Dungeon.
             The game lasted 00:06:29 (2356 turns).

tilp the Firebug (Hill Orc Fire Elementalist)       Turns: 2356, Time: 00:06:29

Health: -5/33      AC:  2    Str: 10    XL:     4   Next: 98%
Magic:  1/7        EV: 12    Int: 16    God:
Gold:   203        SH:  0    Dex: 11    Spells: 1/7 levels left

rFire    . . .     SeeInvis .   o - +1 dagger (venom)
rCold    . . .     Gourm    .   (no shield)
rNeg     . . .     Faith    .   e - +0 robe
rPois    .         Spirit   .   (no helmet)
rElec    .         Reflect  .   (no cloak)
rCorr    .         Harm     .   (no gloves)
MR       .....                  (no boots)
Stlth    ++........             (no amulet)
HPRegen  0.11/turn              (no ring)
MPRegen  0.10/turn              (no ring)

@: lethally poisoned (-5 -> -36)
A: no striking features
a: no special abilities


You were on level 3 of the Dungeon.
You were not hungry.

You visited 1 branch of the dungeon, and saw 3 of its levels.

You collected 203 gold pieces.

Inventory:

Hand Weapons
 a - a +0 hand axe
 h - a +0 dagger
 o - a +1 dagger of venom (weapon)
Missiles
 g - 108 stones (quivered)
 r - 21 sling bullets
Armour
 e - a +0 robe (worn)
Magical Staves
 n - an uncursed staff of cold
Scrolls
 d - a scroll of fog {unknown}
 f - a scroll of identify
 i - a scroll of enchant armour {unknown}
 l - a scroll of remove curse
 m - 2 scrolls of amnesia {unknown}
 p - 2 scrolls of recharging {unknown}
Potions
 j - a potion of brilliance {unknown}
 k - 2 potions of curing
Books
 b - a book of Flames

   Spells                             Type                      Level
   a - Flame Tongue                   Conjuration/Fire             1
   b - Throw Flame                    Conjuration/Fire             2
   c - Conjure Flame                  Conjuration/Fire             3
   d - Inner Flame                    Hexes/Fire                   3
   e - Sticky Flame                   Conjuration/Fire             4
   f - Fireball                       Conjuration/Fire             5
Comestibles
 c - 3 bread rations
 q - 5 chunks of flesh


   Skills:
 - Level 1.5 Dodging
 - Level 1.5 Stealth
 + Level 2.4 Spellcasting
 + Level 3.0 Conjurations
 + Level 4.1 Fire Magic


You had one spell level left.
You knew the following spells:

 Your Spells              Type           Power        Failure   Level  Hunger
a - Flame Tongue          Conj/Fire      ##...        4%          1    #......
b - Throw Flame           Conj/Fire      ##....       7%          2    ###....
c - Conjure Flame         Conj/Fire      ##......     14%         3    ###....


Dungeon Overview and Level Annotations

Branches:
Dungeon (3/15)

Altars:
Trog


Message History

The flame tongue hits the water moccasin.
The water moccasin is heavily wounded.
The water moccasin bites you.
You are lethally poisoned!
The water moccasin poisons you! The water moccasin bites you!
* * * LOW HITPOINT WARNING * * *
You are more poisoned.
The water moccasin poisons you!
Unknown command.
Casting: Flame Tongue
Confirm with . or Enter, or press ? or * to list all spells.
Aiming: Flame Tongue
Press: ? - help, Shift-Dir - straight line, f/p - water moccasin
Aim: a water moccasin (heavily wounded)
The flame tongue hits the water moccasin.
The water moccasin is almost dead.
* * * LOW HITPOINT WARNING * * *
You feel very sick. The water moccasin bites you!
You die...

#.#...###.####.................
#.....!.S....##..............#
#.##.####.##.####.##########.#
# ..#.##.####.## #.#
..........#...####### #.#
#####...............###.#
#.#.#.#...####......#
#...#S##.## #..#####
#.###@##.#####..# #.
#...........# . #.#.######.##
## #.#.# #.# #.#.######.#######
#)................
#.............###.
###.#####.###.# . #.....#..


You could see a water moccasin.

Vanquished Creatures
  Jessica (D:2)
  4 adders (D:2)
  An ooze (D:1)
  A worm (D:3)
  2 dart slugs
  2 leopard geckos
  A ball python (D:1)
  4 bats (D:1)
  2 giant cockroaches (D:2)
  9 goblins
  A hobgoblin (D:2)
  2 jackals (D:1)
  5 kobolds
  A quokka (D:2)
  A frilled lizard (D:1)
  4 rats
41 creatures vanquished.

Notes
Turn   | Place    | Note
-------+----------+-------------------------------------------
     0 | D:1      | tilp the Hill Orc Fire Elementalist began the quest for the Orb.
     0 | D:1      | Reached XP level 1. HP: 14/14 MP: 3/3
   276 | D:1      | Reached XP level 2. HP: 18/20 MP: 2/4
   286 | D:1      | Learned a level 2 spell: Throw Flame
   757 | D:1      | Reached XP level 3. HP: 25/26 MP: 5/5
  1105 | D:2      | Noticed Jessica
  1108 | D:2      | Killed Jessica
  1108 | D:2      | Reached XP level 4. HP: 33/33 MP: 2/7
  1114 | D:2      | Learned a level 3 spell: Conjure Flame
  1203 | D:2      | Found a bloodstained altar of Trog.
  1238 | D:2      | Reached skill level 4 in Fire Magic
  1262 | D:2      | HP: 1/33 [poisoned by an adder]
  2337 | D:3      | Noticed a water moccasin
  2356 | D:3      | Slain by a water moccasin

Vault maps used:
D:1:      giann_wishing_wells
D:2:      overflow_temple_1_default, first_bread, uniq_jessica
D:3:      roderic_batcave

Skill      XL: |  1  2  3  4 |
---------------+-------------+-----
Conjurations   | 2 3 |  3.0
Spellcasting   | 2 |  2.4
Fire Magic     | 4 |  4.1
Dodging        | |  1.5
Stealth        | |  1.5

Action                   |  1- 3 |  4- 6 || total
-------------------------+-------+-------++-------
Melee: Dagger            |    20 |    19 ||    39
       Hand axe          |    30 |    16 ||    46
Throw: Stone             |     4 |     1 ||     5
 Cast: Flame Tongue      |    20 |    28 ||    48
  Use: Scroll            |       |     2 ||     2
       Potion            |       |     2 ||     2
 Stab: Sleeping          |     2 |     2 ||     4
  Eat: Chunk             |     1 |     1 ||     2
       Meat ration       |       |     1 ||     1
Armor: Robe              |    19 |     4 ||    23
Dodge: Dodged            |    38 |    39 ||    77

Table legend:
 A = Spawn XP
 B = Non-spawn XP
 C = Spawn XP percentage of total XP
 D = Spawn monster count
 E = Non-spawn monster count
 F = Spawn count percentage of total count
 G = Total turns spent on level
                    A         B        C        D         E        F      G
               +---------+---------+-------+---------+---------+-------+---------
         Total |       0 |     164 |   0.0 |       0 |      41 |   0.0 |  2356
               +---------+---------+-------+---------+---------+-------+---------
           D:1 |       0 |      40 |   0.0 |       0 |      19 |   0.0 |   903
           D:2 |       0 |     114 |   0.0 |       0 |      17 |   0.0 |  1261
           D:3 |       0 |      10 |   0.0 |       0 |       5 |   0.0 |   192
               +---------+---------+-------+---------+---------+-------+---------
